 Dungeon Crawl Stone Soup version 0.25-a0-661-g55ea3d2053 (webtiles) character file.

Game seed: 4835305406833336958, levelgen mode: deterministic

9 Amnesiac the Cutter (level 2, -2/20 HPs)
             Began as a Halfling Monk on Mar 23, 2020.
             Slain by Terence
             ... wielding a +0 short sword
              (3 damage)
             ... on level 3 of the Dungeon.
             The game lasted 00:00:43 (127 turns).

Amnesiac the Cutter (Halfling Monk)                  Turns: 127, Time: 00:00:44

Health: -2/20      AC:  2    Str: 12    XL:     2   Next: 20%
Magic:  2/2        EV: 16    Int:  8    God:
Gold:   0          SH:  0    Dex: 16    Spells: 1/1 levels left

rFire    . . .     SeeInvis .   a - +0 short sword
rCold    . . .     Gourm    .   (shield restricted)
rNeg     . . .     Faith    .   b - +0 robe
rPois    .         Spirit   .   (no helmet)
rElec    .         Reflect  .   (no cloak)
rCorr    .         Harm     .   (no gloves)
MR       .....                  (no boots)
Stlth    ++........             (no amulet)
HPRegen  0.06/turn              (no ring)
MPRegen  0.08/turn              (no ring)

@: no status effects
A: small, mutation resistance 1
a: no special abilities


You were on level 3 of the Dungeon.
You were not hungry.

You visited 1 branch of the dungeon, and saw 3 of its levels.

Inventory:

Hand Weapons
 a - a +0 short sword (weapon)
Armour
 b - a +0 robe (worn)
Comestibles
 c - 2 rations
 d - 3 chunks of flesh


   Skills:
 - Level 2.6 Fighting
 * Level 4.2 Short Blades
 - Level 3.2 Dodging
 + Level 2.5 Stealth


You had one spell level left.
You didn't know any spells.
Your spell library was empty.

Dungeon Overview and Level Annotations

Branches:
Dungeon (3/15)

Altars:

Annotations:
D:3 Terence


Innate Abilities, Weirdness & Mutations

You are small and have problems with some larger weapons.
You are somewhat resistant to further mutation.


Message History

There is an open door here.
e - a scroll labeled KEGEDE LISKACU {!r} A kobold comes into view.
It is wielding a +0 dagger.
You can't go down here!
There is an open door here.
There is a stone staircase leading down here.
You climb downwards.
There is a stone staircase leading up here.
You start resting.
HP restored.
A bat comes into view.
Found a stone staircase leading down and a stone staircase leading up.
An ooze comes into view.
Found a stone staircase leading up.
A giant cockroach comes into view.
The helpless ooze fails to defend itself.
You puncture the ooze!
You kill the ooze!
Your Short Blades skill increases to level 4!
You have reached level 2!
A rat comes into view.
The bat barely misses you. The bat hits you.
You hit the bat.
You kill the bat!
You see here a bat corpse.
The rat closely misses you.
Found 23 stones.
You closely miss the rat. The rat completely misses you.
You hit the rat but do no damage. The rat closely misses you.
You barely miss the rat. The rat completely misses you.
You barely miss the rat. The rat closely misses you.
You closely miss the rat. The rat bites you but does no damage.
You hit the rat but do no damage. The rat misses you.
You hit the rat.
You kill the rat!
There is a stone staircase leading down here.
You climb downwards.
Terence the Incautious comes into view.
He is wielding a +0 short sword and carrying a wand of flame (18).
Found a ration.
There is a stone staircase leading up here.
The helpless Terence fails to defend himself.
You puncture Terence!
Terence is heavily wounded.
You hit Terence but do no damage.
Terence is heavily wounded.
Terence zaps a wand.
The puff of flame misses you.
You completely miss Terence.
Terence is heavily wounded.
Terence hits you with a +0 short sword.
You hit Terence but do no damage.
Terence is heavily wounded.
Terence hits you but does no damage.
There is a stone staircase leading up here.
You aren't carrying any potions.
Really read
e - a scroll labeled KEGEDE LISKACU {!r}?
As you read the scroll labeled KEGEDE LISKACU {!r}, it crumbles to dust.
It is a scroll of amnesia.
You feel forgetful for a moment. Terence hits you with a +0 short sword.
Terence zaps a wand.
The puff of flame hits you!
Ouch! That really hurt!
* * * LOW HITPOINT WARNING * * *
Terence zaps a wand.
The puff of flame misses you. Terence hits you with a +0 short sword.
You die...

.........#
........#
#.......#
#.......#
###.......#
###.........#
#.........#
#........#
#....@@..#
#.....<..##
#.........#
##.%......#
.........##..#
..........#
..#
..........#
#..#
..........#
..#
#.........#
#.#


You could see Terence.

Vanquished Creatures
  An ooze (D:2)
  2 bats
  A frilled lizard (D:1)
  2 rats
6 creatures vanquished.

Notes
Turn   | Place    | Note
-------+----------+-------------------------------------------
     0 | D:1      | Amnesiac the Halfling Monk began the quest for the Orb.
     0 | D:1      | Reached XP level 1. HP: 15/15 MP: 1/1
    94 | D:2      | Reached skill level 4 in Short Blades
    94 | D:2      | Reached XP level 2. HP: 16/20 MP: 2/2
   112 | D:3      | Noticed Terence
   124 | D:3      | HP: 1/20 [Terence/puff of flame (10)]
   127 | D:3      | Slain by Terence

Levels and vault maps discovered:
D:1:      erik_arrival_triangle_small, layout_basic,
          corexii_item_surrounded_by_moat, hangedman_decor_push,
          kennysheep_flooded_box, minmay_pentomino_t2
D:2:      layout_basic, chequers_mini_garden, minmay_stone_trees_small,
          grunt_ministairs_2
D:3:      layout_basic, kennysheep_generic_room_2, uniq_terence

Skill      XL: |  1 |
---------------+----+-----
Short Blades   | 4 |  4.2
Fighting       | |  2.6
Dodging        | |  3.2
Stealth        | |  2.5

Action                   || total
-------------------------++-------
Melee: Short sword       ||    34
  Use: Scroll            ||     1
 Stab: Sleeping          ||     2
Armor: Robe              ||    13
Dodge: Dodged            ||    33

Table legend:
 A = Non-vault XP
 B = Vault XP
 C = Vault XP percentage of total XP
 D = Non-vault monster count
 E = Vault monster count
 F = Vault count percentage of total count
                 A         B        C        D         E       F
            +---------+---------+-------+---------+---------+-------
      Total |       6 |       7 |  53.8 |       5 |       1 |  16.7
            +---------+---------+-------+---------+---------+-------
        D:1 |       4 |       0 |   0.0 |       3 |       0 |   0.0
        D:2 |       2 |       7 |  77.8 |       2 |       1 |  33.3
            +---------+---------+-------+---------+---------+-------
